 Dungeon Crawl Stone Soup version 0.28.0-45-g0d030f2227 (webtiles) character file.

Game seed: 10189552051353232141

330 protoss039 the Digger (level 6, -1/51 HPs)
             Began as a Ghoul Earth Elementalist on May 15, 2022.
             Killed from afar by an orc wizard (11 damage)
             ... with a magic dart
             ... on level 3 of the Dungeon.
             The game lasted 00:09:15 (3789 turns).

protoss039 the Digger (Ghoul Earth Elementalist)    Turns: 3789, Time: 00:09:15

Health: -1/51      AC:  2    Str: 12    XL:     6   Next: 51%
Magic:  0/9        EV: 12    Int: 12    God:
Gold:   103        SH:  0    Dex:  9    Spells: 4/10 levels left

rFire   . . .      SeeInvis .   n - +1 mace (protect)
rCold   + + .      Faith    .   (no shield)
rNeg    + + +      Spirit   .   b - +0 robe
rPois   ∞          Reflect  .   (no helmet)
rElec   .          Harm     .   (no cloak)
rCorr   .          Rampage  .   (no gloves)
Will    .....                   (no boots)
Stlth   ++........              h - amulet of regeneration
HPRegen 0.00/turn               l - ring of protection from cold
MPRegen 0.11/turn               (no ring)

@: inhibited regen
A: claws 1, cold resistance 1, negative energy resistance 3, inhibited
regeneration, torment resistance 2
a: no special abilities


You were on level 3 of the Dungeon.
You visited 1 branch of the dungeon, and saw 4 of its levels.

You collected 103 gold pieces.

Inventory:

Hand Weapons
 n - a +1 mace of protection (weapon)
Missiles
 c - 91 stones
Armour
 b - a +0 robe (worn)
Jewellery
 h - an amulet of regeneration (around neck)
 l - a ring of protection from cold (left claw)
 p - an amulet of magic regeneration
 q - a +4 ring of evasion
Scrolls
 e - a scroll of identify
 f - a scroll of vulnerability
 g - a scroll of amnesia {unknown}
 m - a scroll of fog {unknown}
 o - a scroll of torment {unknown}
 r - a scroll of holy word {unknown}
Potions
 a - a potion of might {unknown}
 d - 2 potions of magic
 i - 2 potions of mutation
 k - a potion of curing


   Skills:
 * Level 3.2 Fighting
 - Level 3.0 Dodging
 - Level 3.0 Stealth
 + Level 2.7 Spellcasting
 * Level 1.8 Conjurations
 - Level 1.1 Transmutations
 + Level 4.2 Earth Magic


You had 4 spell levels left.
You knew the following spells:

 Your Spells              Type           Power      Damage    Failure   Level
a - Sandblast             Erth           22%        2d7       4%          1
b - Passwall              Tmut/Erth      6%         N/A       13%         2
c - Stone Arrow           Conj/Erth      16%        3d8       22%         3

Your spell library contained the following spells:

 Spells                   Type           Power      Damage    Failure   Level
 Petrify                  Tmut/Erth      8%         N/A       63%         4


Dungeon Overview and Level Annotations

Branches:
Dungeon (4/15)
 Temple: D:4-7

Altars:

Annotations:
D:4 Dowan, Duvessa, Edmund, Pikel, Robin, Sigmund


Innate Abilities, Weirdness & Mutations

You thrive by killing the living.
You are immune to poison.
You have sharp fingernails.
Your flesh is cold resistant. (rC+)
You are immune to negative energy. (rN+++)
You do not regenerate when monsters are visible.
You are immune to unholy pain and torment.


Message History

The orc wizard points at you and mumbles some strange words.
The puff of flame hits you.
The orc priest hits you with a +0 dagger.
Unknown command.
You barely miss the orc priest.
The orc priest is heavily wounded.
The orc wizard hits you but does no damage.
The orc priest hits you but does no damage.
Unknown command.
Unknown command.
You thump the orc priest!
You kill the orc priest!
The orc wizard hits you but does no damage.
The orc wizard gestures wildly while chanting.
The orc wizard flickers and vanishes!
Deactivating autopickup; reactivate with Ctrl-A.
Unknown command.
Unknown command.
You hear some strange, mumbled words.
A puff of flame appears from out of thin air!
The puff of flame hits you.
A magic dart appears from out of thin air!
The magic dart hits you!
* * * LOW HITPOINT WARNING * * *
A magic dart appears from out of thin air!
The magic dart hits you.
* * * LOW HITPOINT WARNING * * *
Casting: Sandblast (safe; 4% risk of failure)
Confirm with . or Enter, or press ? or * to list all spells.
Aiming: Sandblast (safe; 4% risk of failure)
Press: ? - help, Shift-Dir - straight line The blast of sand hits something.
Unknown command.
Casting: Sandblast (safe; 4% risk of failure)
Confirm with . or Enter, or press ? or * to list all spells.
Aiming: Sandblast (safe; 4% risk of failure)
Press: ? - help, Shift-Dir - straight line A magic dart appears from out of thin air!
The magic dart hits you!
You die...

##...o...#######.............# #.
.........# #.................# #.
8.....=..#######.........##### ##
....o......# ##..........#
##...###.>.# ##.....###.# #.⌠.#
#...########...####.######
#...#######...{.##..##.........#
##...#..{##.####......#.##.####.#
.....)..#.#.####@.....#.##.# #.†
.##....###{...##...........# ###
.##.#.## ##.#.##......######
.....## ##..##......# .####.##
##...[..###### .#####.###.##.####
........#.###.# ######.#.## #.# #
###.######.#####


There were no monsters in sight!

Vanquished Creatures
  An ogre (D:1)
  A phantom (D:3)
  An orc priest (D:3)
  5 adders
  5 dart slugs
  8 orcs (D:3)
  4 ball pythons (D:3)
  7 endoplasms
  5 giant cockroaches
  9 goblins
  8 hobgoblins
  3 kobolds (D:1)
  3 quokkas
  6 bats
  5 frilled lizards
  3 rats
74 creatures vanquished.

Notes
Turn   | Place    | Note
-------+----------+-------------------------------------------
     0 | D:1      | protoss039 the Ghoul Earth Elementalist began the quest for
                  | the Orb.
     0 | D:1      | Reached XP level 1. HP: 14/14 MP: 2/2
    15 | D:1      | Reached skill level 1 in Transmutations
   268 | D:1      | Reached XP level 2. HP: 20/20 MP: 3/3
  1201 | D:1      | Reached XP level 3. HP: 19/27 MP: 5/5
  1831 | D:1      | Learned a level 2 spell: Passwall
  1835 | D:1      | Learned a level 3 spell: Stone Arrow
  1900 | D:1      | Reached skill level 1 in Fighting
  1968 | D:2      | Noticed an ogre
  1993 | D:1      | Killed an ogre
  1994 | D:1      | Reached XP level 4. HP: 27/36 MP: 0/6
  1994 | D:1      | Reached XP level 5. HP: 30/41 MP: 0/7
  2509 | D:2      | Found a faded altar of an unknown god.
  2598 | D:3      | Reached skill level 1 in Conjurations
  3244 | D:3      | Reached skill level 4 in Earth Magic
  3470 | D:4      | Noticed Robin
  3575 | D:3      | Reached XP level 6. HP: 50/50 MP: 8/8
  3645 | D:4      | Noticed Duvessa
  3645 | D:4      | Noticed Dowan
  3657 | D:4      | Noticed Edmund
  3657 | D:4      | Noticed Pikel
  3659 | D:4      | Noticed Sigmund
  3789 | D:3      | Killed from afar by an orc wizard

Illustrated notes

Levels and vault maps discovered:
D:1:      saegor_arrival_miasma, layout_basic
D:2:      layout_rooms, hellmonk_ecumenical_altar_leap_of_faith, minmay_cupped
D:3:      layout_loops_cross, nicolae_elevator_lobby_asterisk
D:4:      cheibrodos_greedy_goblins, layout_cave_pools, uniq_duvessa,
          uniq_edmund, uniq_pikel, uniq_sigmund, uniq_robin

Skill      XL: |  1  2  3  4  5  6 |
---------------+-------------------+-----
Transmutations | 1 |  1.1
Dodging        | 2 3 |  3.0
Spellcasting   | 2 |  2.7
Fighting       | 2 3 |  3.2
Stealth        | 3 |  3.0
Conjurations   | 1 |  1.8
Earth Magic    | 4 |  4.2

Action                   |  1- 3 |  4- 6 || total
-------------------------+-------+-------++-------
Melee: Unarmed           |   135 |    34 ||   169
       Punch             |     1 |     1 ||     2
       Mace              |       |    83 ||    83
 Cast: Sandblast         |    28 |    44 ||    72
  Use: Scroll            |       |     7 ||     7
       Potion            |       |     2 ||     2
 Stab: Sleeping          |     3 |     3 ||     6
Armor: Robe              |    23 |    48 ||    71
Dodge: Dodged            |   114 |   151 ||   265
